 Dungeon Crawl Stone Soup version 0.24.1-11-gbbbb2193e6 (webtiles) character file.

Game seed: 10766279440643945075, levelgen mode: deterministic

100 Hugehornet the Insei (level 4, -6/28 HPs)
             Began as an Octopode Transmuter on May 12, 2020.
             Mangled by Natasha (9 damage)
             ... on level 1 of the Dungeon.
             The game lasted 00:04:27 (1557 turns).

Hugehornet the Insei (Octopode Transmuter)          Turns: 1557, Time: 00:04:28

Health: -6/28      AC:  2    Str:  7    XL:     4   Next: 73%
Magic:  2/8        EV: 19    Int: 16    God:
Gold:   70         SH:  0    Dex: 17    Spells: 3/9 levels left

rFire    . . .     SeeInvis .     - Unarmed
rCold    . . .     Gourm    .   (shield currently unavailable)
rNeg     . . .     Faith    .   (helmet currently unavailable)
rPois    x         Spirit   .   d - amulet of the acrobat
rElec    .         Reflect  .   (no ring)
rCorr    .         Harm     .   (no ring)
MR       +....                  (no ring)
Stlth    ++........             (no ring)
HPRegen  0.09/turn              (no ring)
MPRegen  0.11/turn              (no ring)
                                (no ring)
                                (no ring)

@: spider-form, very slightly contaminated, slowed, very slow
A: tiny, almost no armour, stealthy swim, (amphibious), 8 rings, (constrict 8),
rugged brown scales 1, magic resistance 1, weak 1, MP-powered wands
a: End Transformation


You were on level 1 of the Dungeon.
You were near starving.
You were a venomous arachnid creature.
You visited 1 branch of the dungeon, and saw 2 of its levels.

You collected 70 gold pieces.

Inventory:

Missiles
 a - 36 arrows
Jewellery
 d - an amulet of the acrobat (around neck)
Scrolls
 e - a scroll of teleportation {unknown}
 g - 2 scrolls of identify {unknown}
Comestibles
 c - 2 rations


   Skills:
 - Level 1.0 Fighting
 - Level 2.0 Dodging
 + Level 3.3 Unarmed Combat
 - Level 3.0 Spellcasting
 - Level 3.0 Transmutations
 * Level 2.3 Poison Magic


You had 3 spell levels left.
You knew the following spells:

 Your Spells              Type           Power        Failure   Level  Hunger
a - Beastly Appendage     Tmut           ##....       16%         1    #......
b - Sticks to Snakes      Tmut           ##......     22%         2    ##.....
c - Spider Form           Tmut/Pois      ##........   38%         3    ###....

Your spell library contained the following spells:

 Spells                   Type           Power        Failure   Level  Hunger
 Ice Form                 Ice/Tmut       #.......     86%         4    #####..
 Blade Hands              Tmut           ##........   94%         5    ######.


Dungeon Overview and Level Annotations

Branches:
Dungeon (2/15)

Altars:

Annotations:
D:1 Natasha
D:2 Sigmund


Innate Abilities, Weirdness & Mutations

You cannot wear most types of armour.
You are very stealthy in the water. (Stealth+)
((You are amphibious.))
You can wear up to eight rings at the same time.
((You can use your tentacles to constrict eight enemies at once.))
((Your skin changes colour to match your surroundings (Stealth+).))
((Your rubbery body absorbs attacks. (AC +1, EV +1)))
(You are partially covered in rugged brown scales. (AC +1, +3% HP))
You are resistant to hostile enchantments. (MR+)
You are weak. (Str -2)
You expend magic power (3 MP) to strengthen your wands.


Message History

* * * LOW HITPOINT WARNING * * *
You fly upwards.
There is a stone staircase leading down here.
Blink to where?
Press: ? - help, Dir - move target cursor
As you read the scroll of blinking, it crumbles to dust.
You float gracefully downwards.
Casting: Sticks to Snakes (safe; 9% risk of failure)
Confirm with . or Enter, or press ? or * to list all spells.
You turn into a venomous arachnid creature.
The rat bites you but does no damage.
You hit the rat.
The rat is poisoned.
The rat is severely wounded.
Natasha claws you.
* * * LOW HITPOINT WARNING * * *
The rat closely misses you.
You barely miss Natasha.
You kill the rat!
Natasha claws you!
You die...

.# #.##..##.##...###.......##
## #.##..#..####.....##..###
#.#.....###...######..##
#.....### #.#......#[..#
#...#..####.######.....#
#.#..........# ##....####
#####............#####h.##.)...
#........(.....h.#...>.........
#####.........s†...............
#.#..........#.............
#.#........).#.............
#.#..........#.............
#.############..........)..
#######.# ########......
........# ##...... #########
#....... #.......


You could see Natasha.

Vanquished Creatures
  Natasha (twice) (D:2)
  2 adders (D:2)
  A dart slug (D:1)
  3 giant cockroaches
  3 goblins (D:1)
  5 hobgoblins
  3 bats
  4 frilled lizards
  4 kobolds
  7 rats
34 creatures vanquished.

Notes
Turn   | Place    | Note
-------+----------+-------------------------------------------
     0 | D:1      | Hugehornet the Octopode Transmuter began the quest for the
                  | Orb.
     0 | D:1      | Reached XP level 1. HP: 13/13 MP: 3/3
   277 | D:1      | Reached XP level 2. HP: 18/18 MP: 3/5
   301 | D:1      | Learned a level 2 spell: Sticks to Snakes
   818 | D:2      | Noticed an ice beast
   857 | D:2      | Reached XP level 3. HP: 18/23 MP: 5/7
   862 | D:2      | Learned a level 3 spell: Spider Form
   947 | D:2      | Noticed Natasha
   951 | D:2      | Killed Natasha
   951 | D:2      | Reached skill level 1 in Poison Magic
   951 | D:2      | Reached XP level 4. HP: 21/28 MP: 4/8
  1243 | D:2      | HP: 1/28 [poisoned by an adder]
  1442 | D:2      | Noticed Natasha
  1456 | D:2      | Killed Natasha
  1513 | D:2      | Gained mutation: You are weak. (Str -2) [potion of
                  | mutation]
  1513 | D:2      | Gained mutation: You are partially covered in rugged brown
                  | scales. (AC +1, +3% HP) [potion of mutation]
  1513 | D:2      | Gained mutation: You are resistant to hostile enchantments.
                  | (MR+) [potion of mutation]
  1513 | D:2      | Gained mutation: You expend magic power (3 MP) to
                  | strengthen your wands. [potion of mutation]
  1531 | D:2      | Noticed Sigmund
  1541 | D:2      | Noticed Natasha
  1557 | D:1      | Mangled by Natasha

Levels and vault maps discovered:
D:1:      minmay_arrival_cross, layout_rooms
D:2:      layout_basic, uniq_natasha, uniq_sigmund

Skill      XL: |  1  2  3  4 |
---------------+-------------+-----
Transmutations | 3 |  3.0
Poison Magic   | 1 2 |  2.3
Spellcasting   | 3 |  3.0
Fighting       | |  1.0
Dodging        | |  2.0
Unarmed Combat | |  3.3

Action                   |  1- 3 |  4- 6 || total
-------------------------+-------+-------++-------
Melee: Unarmed           |    48 |    33 ||    81
       Constrict         |    11 |     3 ||    14
       Tentacles         |     3 |     1 ||     4
       Kick              |     8 |       ||     8
       Punch             |       |     1 ||     1
 Cast: Beastly Appendage |    17 |     2 ||    19
       Spider Form       |     1 |     2 ||     3
       Sticks to Snakes  |       |     5 ||     5
 Abil: End Transformatio |       |     1 ||     1
  Use: Scroll            |     1 |     4 ||     5
       Potion            |       |     2 ||     2
 Stab: Sleeping          |     6 |       ||     6
  Eat: Chunk             |       |     1 ||     1
Armor: Skin              |     3 |     7 ||    10
Dodge: Dodged            |    20 |    36 ||    56
